 Dungeon Crawl Stone Soup version 0.30-a0-377-g5cb311bc9f (webtiles) character file.

Game seed: 5296565594236221362

807 PyroL the Scholar of Death (level 7, -4/39 (46) HPs)
             Began as a Demonspawn Necromancer on Nov 29, 2022.
             Was a Follower of Kikubaaqudgha.
             Slain by Menkaure (13 damage)
             ... on level 5 of the Dungeon.
             The game lasted 00:14:21 (5497 turns).

PyroL the Scholar of Death (Demonspawn Necromancer) Turns: 5497, Time: 00:14:22

HP:   -4/39 (46)    AC: 11    Str:  8    XL:     7   Next: 60%
MP:   15/15         EV: 12    Int: 18    God:    Kikubaaqudgha [*.....]
Gold: 265           SH:  0    Dex: 14    Spells: 8/17 levels left

rFire   . . .      SeeInvis .    u - +2 halberd (protect)
rCold   . . .      Faith    .    (shield currently unavailable)
rNeg    . . .      Spirit   .    a - +0 robe
rPois   .          Reflect  .    g - +0 helmet
rElec   .          Harm     .    (no cloak)
rCorr   .          Rampage  .    (no gloves)
Will    .....                    l - +0 pair of boots
Stlth   ++........               (no amulet)
HPRegen 0.26/turn                (no ring)
MPRegen 0.14/turn                (no ring)

@: under a protective aura, heavily drained
A: foul stench 2, powered by death 1
a: Renounce Religion, Unearth Wretches


You were on level 5 of the Dungeon.
You worshipped Kikubaaqudgha.
Kikubaaqudgha was aware of your devotion.
You visited 2 branches of the dungeon, and saw 6 of its levels.

You collected 265 gold pieces.

Inventory:

Hand Weapons
 u - a +2 halberd of protection (weapon)
Missiles
 A - a throwing net
Armour
 a - a +0 robe (worn)
 g - a +0 helmet (worn)
 l - a +0 pair of boots (worn)
Wands
 n - a wand of mindburst (11)
 x - a wand of digging (6)
 y - a wand of iceblast (9)
Scrolls
 d - 4 scrolls of teleportation
 e - 2 scrolls of immolation {unknown}
 f - a scroll of vulnerability {unknown}
 h - 2 scrolls of poison {unknown}
 i - a scroll of fear {unknown}
 p - 2 scrolls of amnesia
 t - a scroll of summoning {unknown}
 v - a scroll of identify
 z - 2 scrolls of torment {unknown}
Potions
 b - 3 potions of magic
 c - a potion of ambrosia
 j - 2 potions of haste {unknown}
 k - a potion of cancellation {unknown}
 m - 3 potions of flight
 o - a potion of heal wounds {unknown}
 q - 2 potions of mutation {unknown}
 r - a potion of lignification {unknown}
 s - a potion of attraction {unknown}
 w - a potion of invisibility {unknown}


   Skills:
 - Level 2.2 Dodging
 - Level 2.3 Stealth
 + Level 5.6 Spellcasting
 + Level 7.8 Necromancy


You had 8 spell levels left.
You knew the following spells:

 Your Spells              Type           Power      Damage    Failure   Level
a - Necrotise             Necr           100%       1d9       1%          1
b - Vampiric Draining     Necr           33%        2d8       1%          3
c - Animate Dead          Necr           33%        N/A       4%          4
d - Kiss of Death         Conj/Necr      76%        2d11      2%          1

Your spell library contained the following spells:

 Spells                   Type           Power      Damage    Failure   Level
 Freeze                   Ice            20%        1d4       13%         1
 Agony                    Necr           33%        N/A       14%         5
 Ensorcelled Hibernation  Hex/Ice        10%        N/A       19%         2
 Passwall                 Tmut/Erth      4%         N/A       19%         2
 Frozen Ramparts          Ice            10%        1d2       36%         3
 Hailstorm                Conj/Ice       5%         3d4       36%         3
 Swiftness                Air            5%         N/A       36%         3


Dungeon Overview and Level Annotations

Branches:
Dungeon (5/15)             Temple (1/1) D:4

Altars:
Cheibriados
Dithmenos
Gozag
Hepliaklqana
Kikubaaqudgha
Makhleb
Nemelex Xobeh
Okawaru
Qazlal
Ru
Sif Muna
Trog
Uskayaw
Vehumet
Xom
Yredelemnul

Annotations:
D:5 Menkaure


Innate Abilities, Weirdness & Mutations

You sometimes emit foul miasma when damaged in melee.
You regenerate a little health from kills.


Message History

You start resting.
HP restored.
You start waiting.
Done waiting.
You see here a +1 vorpal spear.
You see here a +0 club.
Found a stone staircase leading down.
A - a throwing net
There is an open door, spattered with blood here.
Things that are here:
a +0 hand axe; a +0 club You barely miss Menkaure.
Menkaure shouts!
Menkaure hits you.
You hit Menkaure.
Your weapon exudes an aura of protection.
Menkaure is lightly damaged.
Menkaure casts a spell.
Menkaure seems to speed up.
You hit Menkaure.
Menkaure is lightly damaged.
Menkaure grins.
Menkaure casts a spell at you. Pain shoots through your body!
Menkaure closely misses you.
You hit Menkaure.
Menkaure is moderately damaged.
Menkaure hits you. Menkaure hits you!
* * * LOW HITPOINT WARNING * * *
Casting: Kiss of Death (safe; 2% risk of failure)
Confirm with . or Enter, or press ? or * to list all spells.
You can't see any susceptible monsters within range! (Use Z to cast anyway.) Unknown command.
Casting: Kiss of Death (safe; 2% risk of failure)
Confirm with . or Enter, or press ? or * to list all spells.
You can't see any susceptible monsters within range! (Use Z to cast anyway.) Menkaure attacks as you move away!
Menkaure barely misses you.
Your orc zombie hits Menkaure but does no damage.
Menkaure hits you!
You die...
Kikubaaqudgha rasps: "You have failed me!
Welcome... death!"

+### #. ##+###.....Z.......
...#.# #. #.############ .....#
#. #........รท.).. ...#.# '.
#..........).. .#...# #.
#.############ .###.# #.
#.#........... .#
#######'#######.#........... .#
.........ZM.....#...........
#######........#@....#........>..
...............#..<..#...........
#############..'..#..#'#####)####
#..#..#......Z..).)..
#..#..#..............
#..#..#..............
#..#..##'############
#..#.................
#..#.................


You could see Menkaure (fast, ally target) and a friendly orc zombie.

Vanquished Creatures
  A centaur (D:5)
  A phantom (D:5)
  2 scorpions (D:5)
  2 orc priests
  3 hounds
  An orc wizard (D:5)
  An iguana (D:5)
  10 gnolls
  7 adders
  4 worms
  A dart slug (D:3)
  13 orcs
  4 ball pythons
  7 endoplasms
  A giant cockroach (D:4)
  7 goblins
  6 hobgoblins
  3 jackals (D:3)
  6 quokkas
  4 bats
  2 frilled lizards
  7 kobolds
  5 rats
98 creatures vanquished.

Vanquished Creatures (collateral kills)
  A scorpion (D:5)
  A gnoll (D:2)
  A dart slug (D:1)
  A rat (D:4)
4 creatures vanquished.

Vanquished Creatures (others)
  A ball python zombie (D:4)
  2 gnoll zombies (D:5)
  4 orc zombies
7 creatures vanquished.

Grand Total: 109 creatures vanquished

Notes
Turn   | Place    | Note
-------+----------+-------------------------------------------
     0 | D:1      | PyroL the Demonspawn Necromancer began the quest for the
                  | Orb.
     0 | D:1      | Reached XP level 1. HP: 13/13 MP: 3/3
   329 | D:1      | Gained mutation: You may rarely emit foul miasma when
                  | damaged in melee. [demonic ancestry]
   329 | D:1      | Reached XP level 2. HP: 19/19 MP: 0/5
   612 | D:1      | Found a faded altar of an unknown god.
  1119 | D:2      | Reached XP level 3. HP: 20/24 MP: 0/6
  1123 | D:2      | Learned a level 3 spell: Vampiric Draining
  1512 | D:2      | Reached skill level 5 in Necromancy
  1540 | D:2      | Gained mutation: You regenerate a little health from kills.
                  | [demonic ancestry]
  1540 | D:2      | Reached XP level 4. HP: 30/30 MP: 5/8
  1871 | D:2      | Learned a level 4 spell: Animate Dead
  2858 | D:3      | Reached XP level 5. HP: 35/35 MP: 8/10
  3196 | D:4      | Found a staircase to the Ecumenical Temple.
  3201 | Temple   | Entered the Ecumenical Temple
  3385 | Temple   | Became a worshipper of Kikubaaqudgha
  3921 | D:4      | Reached skill level 6 in Necromancy
  4153 | D:5      | Entered Level 5 of the Dungeon
  4180 | D:5      | Noticed a centaur
  4278 | D:4      | Gained mutation: You sometimes emit foul miasma when
                  | damaged in melee. [demonic ancestry]
  4278 | D:4      | Reached XP level 6. HP: 35/41 MP: 9/12
  4528 | D:5      | Noticed Menkaure
  4802 | D:5      | Reached skill level 7 in Necromancy
  4802 | D:5      | Reached XP level 7. HP: 46/46 MP: 10/14
  4847 | D:5      | Reached skill level 5 in Spellcasting
  4850 | D:5      | Reached * piety under Kikubaaqudgha
  4850 | D:5      | Received a gift from Kikubaaqudgha
  4993 | D:5      | Learned a level 1 spell: Kiss of Death
  5497 | D:5      | Slain by Menkaure

Illustrated notes

Levels and vault maps discovered:
D:1:      lemuel_arrival_broad_hall, layout_basic,
          hellmonk_ecumenical_altar_lost_god, chequers_jeans,
          minmay_tiny_reverse_x
D:2:      layout_basic
D:3:      layout_basic
D:4:      layout_gridville, minmay_temple_entry_nine_rooms,
          portal_sewer_entry_e, chequers_serial_rivers_large_a
D:5:      layout_basic, minmay_door_square, uniq_menkaure
Temple:   dpeg_five_rooms_temple

Skill      XL: |  1  2  3  4  5  6  7 |
---------------+----------------------+-----
Stealth        | 2 |  2.3
Dodging        | 2 |  2.2
Necromancy     | 5 6 7 |  7.8
Spellcasting   | 3 4 5 |  5.6

Action                   |  1- 3 |  4- 6 |  7- 9 || total
-------------------------+-------+-------+-------++-------
Melee: Whip              |    11 |       |     7 ||    18
       Spear             |     1 |   122 |       ||   123
       Punch             |       |     2 |       ||     2
       Halberd           |       |       |    46 ||    46
 Cast: Necrotise         |    53 |    80 |    23 ||   156
       Animate Dead      |       |     3 |     2 ||     5
       Vampiric Draining |       |     5 |     4 ||     9
       Kiss of Death     |       |       |     1 ||     1
  Use: Scroll            |       |     4 |       ||     4
       Potion            |       |       |     1 ||     1
 Stab: Sleeping          |       |     5 |       ||     5
       Distracted        |       |     1 |       ||     1
Armor: Robe              |     1 |    28 |    23 ||    52
Dodge: Dodged            |    13 |    70 |    75 ||   158

Table legend: (Time is in decaauts)
 A = Elapsed time spent in this place.
 B = Non-inter-level travel time spent in this place.
 C = Inter-level travel time spent in this place.
 D = Time resting spent in this place.
 E = Time spent auto-exploring this place.
 F = Levels seen in this place.
 G = Mean time per level.
                   A        B        C        D        E       F      G
               +--------+--------+--------+--------+--------+-----+--------+
         Total |   5557 |   5345 |    212 |    546 |   3834 |   6 |  926.2 |
       Dungeon |   5293 |   5129 |    164 |    546 |   3635 |   5 | 1058.6 |
        Temple |    263 |    215 |     48 |      0 |    199 |   1 |  263.0 |
               +--------+--------+--------+--------+--------+-----+--------+

Top non-repeatable levels by time:
     D:5: 1245 daAuts
     D:2: 1165 daAuts
     D:4: 1135 daAuts
     D:1: 1101 daAuts
     D:3: 646 daAuts
  Temple: 263 daAuts
